 Dungeon Crawl Stone Soup version 0.31-a0-188-g5e087ee2ca (webtiles) character file.

Game seed: 4166540999432451528

182 qw the Skirmisher (level 5, -11/29 HPs)
             Began as a Deep Elf Hunter on June 23, 2023.
             Mangled by an ogre
             ... wielding a +0 giant club
              (16 damage)
             ... on level 3 of the Dungeon.
             The game lasted 00:00:47 (1714 turns).

qw the Skirmisher (Deep Elf Hunter)                 Turns: 1714, Time: 00:00:47

Health: -11/29     AC: 11    Str: 10    XL:     5   Next: 35%
Magic:  7/7        EV: 11    Int: 14    God:
Gold:   232        SH:  0    Dex: 18    Spells: 4/4 levels left

rFire   . . .        Y - +0 shortbow (drain)
rCold   . . .        (shield currently unavailable)
rNeg    . . .        f - +0 ring mail
rPois   .            e - +2 hat
rElec   .            m - +0 cloak
rCorr   .            c - +1 pair of gloves
SInv    .            l - +0 pair of boots
Will    .....        (no amulet)
Stlth   +            (no ring)
HPRegen 0.24/turn    (no ring)
MPRegen 0.10/turn

%: no passive effects
@: no status effects
A: no striking features
a: no special abilities


You were on level 3 of the Dungeon.
You visited 1 branch of the dungeon, and saw 4 of its levels.

You collected 232 gold pieces.


   Skills:
 - Level 1.5 Fighting
 - Level 8.8 Ranged Weapons
 + Level 0.0 Armour
 - Level 2.4 Dodging
 - Level 1.2 Stealth


You had 4 spell levels left.
You didn't know any spells.
Your spell library was empty.

Inventory:

Hand Weapons
 Y - a +0 shortbow of draining (weapon)
Armour
 c - a +1 pair of gloves (worn)
 e - a +2 hat (worn)
 f - a +0 ring mail (worn)
 l - a +0 pair of boots (worn)
 m - a +0 cloak (worn)
Scrolls
 n - a scroll of identify
Potions
 a - a potion of cancellation
 g - a potion of berserk rage {unknown}
 h - a potion of resistance
 i - 2 potions of might
 k - a potion of enlightenment

Dungeon Overview and Level Annotations

Branches:
Dungeon (4/15)
 Temple: D:4-7

Altars:
Makhleb
Qazlal
Xom


Message History

The arrow closely misses the gnoll.
You shoot an arrow. The arrow closely misses the gnoll.
The arrow hits the ogre.
The ogre is lightly wounded.
The gnoll barely misses you.
You shoot an arrow. The arrow hits the gnoll.
You drain the gnoll.
The gnoll is severely wounded.
The gnoll barely misses you. x2; The gnoll closely misses you. x2
A goblin comes into view. It is wielding a +0 club.
You shoot an arrow. The arrow closely misses the gnoll.
The goblin shouts!
The gnoll hits you from afar with a +0 halberd.
The gnoll hits you but does no damage. The gnoll closely misses you.
The ogre barely misses you. The gnoll completely misses you.
You shoot an arrow. The arrow hits the gnoll.
The gnoll is almost dead.
The gnoll misses you. The gnoll hits you but does no damage.
The gnoll misses you. The gnoll barely misses you.
The ogre hits you with a +0 giant club!!
Ouch! That really hurt!
1712 ||| STAIRDANCE The gnoll closely misses you.
The gnoll hits you but does no damage. The gnoll hits you with a +0 flail.
The gnoll hits you but does no damage. The ogre closely misses you.
You climb upwards.
There is a stone staircase leading down here.
Enter note:
Enter note:
Enter note:
Enter note:
Enter note:
Enter note:
Enter note:
Enter note:
Enter note: You shoot an arrow.
The arrow barely misses the gnoll.
The gnoll hits you with a +0 flail. The gnoll hits you but does no damage.
The ogre barely misses you. The gnoll barely misses you.
The ogre hits you with a +0 giant club!
Ouch! That really hurt!
You die...

#..[.... #.###### ####.#
##. ##### #....# #..
#...#####.#######..
#...##.............
#......#.#####..#..
#O.g...#.#.........
#.@g...............
#.Og...#.#.###...##
#......#...#.......
#..................
#####..........########
####............### ###
#.................######..
########.....#........##..
#.....##.#####.....


You could see 2 ogres and 3 gnolls.

Vanquished Creatures
  Natasha (thrice) (D:2)
  5 adders (D:2)
  2 worms
  2 dart slugs
  6 endoplasms
  A giant cockroach (D:1)
  8 goblins
  3 hobgoblins
  4 quokkas
  9 ball pythons
  4 bats
  5 frilled lizards
  3 kobolds
  3 rats
58 creatures vanquished.

Notes
Turn   | Place    | Note
-------+----------+-------------------------------------------
     0 | D:1      | qw the Deep Elf Hunter began the quest for the Orb.
     0 | D:1      | Reached XP level 1. HP: 12/12 MP: 3/3
     0 | D:1      | 0 ||| qw: Version: 0.3-a-9-g12657ce
     0 | D:1      | 0 ||| qw: Game counter: 4145
     0 | D:1      | 0 ||| qw: Always use a shield: true
     0 | D:1      | 0 ||| qw: God list: Okawaru
     0 | D:1      | 0 ||| qw: Allow faded altars: false
     0 | D:1      | 0 ||| qw: Do Orc after D:15 true
     0 | D:1      | 0 ||| qw: Do second Lair branch before Depths: true
     0 | D:1      | 0 ||| qw: Lair rune preference: random
     0 | D:1      | 0 ||| qw: Plans: Normal
     0 | D:1      | 0 ||| PLANNING D:1-11
   167 | D:1      | Reached XP level 2. HP: 16/16 MP: 4/4
   169 | D:1      | Reached skill level 6 in Ranged Weapons
   584 | D:1      | 584 ||| UPGRADING to +0 ring mail.
   594 | D:1      | 594 ||| DROPPING +0 leather armour.
   595 | D:1      | 595 ||| READING scroll labelled ERORYA IRILEMO.
   596 | D:1      | 596 ||| READING scroll labelled VAPNAS TEOLIPO.
   597 | D:1      | 597 ||| READING scroll labelled JUCKOC YNLO.
   598 | D:1      | 598 ||| READING scroll labelled AZADANOSCHUE.
   599 | D:1      | 599 ||| DRINKING 2 clear potions.
   600 | D:1      | 600 ||| DRINKING 2 bubbling blue potions.
   601 | D:1      | 601 ||| DROPPING scroll of butterflies.
   632 | D:2      | Found a burning altar of Makhleb.
   639 | D:2      | Reached XP level 3. HP: 20/20 MP: 5/5
   697 | D:2      | Reached skill level 7 in Ranged Weapons
   790 | D:2      | Reached XP level 4. HP: 20/25 MP: 6/6
   820 | D:2      | Noticed Natasha
   828 | D:2      | Killed Natasha
   891 | D:2      | Reached skill level 8 in Ranged Weapons
  1028 | D:2      | Noticed Natasha
  1034 | D:2      | Killed Natasha
  1208 | D:2      | Reached XP level 5. HP: 21/29 MP: 7/7
  1326 | D:2      | Noticed Natasha
  1328 | D:2      | Killed Natasha
  1339 | D:2      | 1339 ||| UPGRADING to +1 pair of gloves.
  1344 | D:2      | 1344 ||| UPGRADING to +2 hat.
  1349 | D:2      | 1349 ||| READING scroll labelled UZAKUAMP LAFE.
  1350 | D:2      | 1350 ||| READING scroll labelled XEIMNE NU MIKE.
  1351 | D:2      | 1351 ||| DRINKING 2 bubbling inky potions.
  1352 | D:2      | 1352 ||| DRINKING 2 fuming cyan potions.
  1549 | D:3      | Found a stormy altar of Qazlal.
  1549 | D:3      | Found a shimmering altar of Xom.
  1673 | D:3      | 1673 ||| DROPPING scarf of invisibility.
  1674 | D:3      | 1674 ||| UPGRADING to +0 pair of boots.
  1679 | D:3      | 1679 ||| UPGRADING to +0 cloak.
  1684 | D:3      | 1684 ||| READING scroll labelled SOPOPL UZIUMO.
  1685 | D:3      | 1685 ||| READING scroll labelled WAUCHAONENT.
  1686 | D:3      | 1686 ||| READING scroll labelled EPROSE OMEME.
  1706 | D:4      | Noticed an ogre
  1706 | D:4      | Noticed an ogre
  1712 | D:4      | 1712 ||| STAIRDANCE
  1714 | D:3      | HP: 5/29 [gnoll/+0 flail (3)]
  1714 | D:3      | Mangled by an ogre

Levels and vault maps discovered:
D:1:      reono_arrival_forest_river, layout_basic
D:2:      layout_rooms, basic_altar, uniq_natasha
D:3:      layout_rooms, jmf_multi_god_temple
D:4:      layout_loops_ring, nemelex_spade_bored_becter,
          minmay_temple_entry_statues_fountains

Skill      XL: |  1  2  3  4 |
---------------+-------------+-----
Ranged Weapons | 6 7 8 |  8.8
Fighting       | |  1.5
Dodging        | |  2.4
Stealth        | |  1.2

Action                     |  1- 3 |  4- 6 || total
---------------------------+-------+-------++-------
   Fire: Shortbow          |    84 |    64 ||   148
    Use: Scroll            |     4 |     5 ||     9
         Potion            |     2 |     2 ||     4
 Armour: Ring mail         |     9 |     7 ||    16
  Dodge: Dodged            |    14 |    24 ||    38

Table legend:
 A = Non-vault XP
 B = Vault XP
 C = Vault XP percentage of total XP
 D = Non-vault monster count
 E = Vault monster count
 F = Vault count percentage of total count
                 A         B        C        D         E       F
            +---------+---------+-------+---------+---------+-------
      Total |     221 |      40 |  15.3 |      55 |       3 |   5.2
            +---------+---------+-------+---------+---------+-------
        D:1 |      27 |       0 |   0.0 |      17 |       0 |   0.0
        D:2 |     172 |      33 |  16.1 |      27 |       1 |   3.6
        D:3 |      22 |       7 |  24.1 |      11 |       2 |  15.4
            +---------+---------+-------+---------+---------+-------
